 Dungeon Crawl Stone Soup version 0.27-a0-1065-ge809cff456 (webtiles) character file.

Game seed: 2212365956197533192

240866 leviel the Slayer (level 19, -8/200 HPs)
             Began as a Hill Orc Fighter on Apr 23, 2021.
             Was the Champion of Dithmenos.
             Mangled by a yaktaur captain (23 damage)
             ... on level 1 of the Vaults.
             The game lasted 01:43:57 (36135 turns).

leviel the Slayer (Hill Orc Fighter)               Turns: 36135, Time: 01:43:58

Health: -8/200     AC: 34    Str: 26    XL:     19   Next: 79%
Magic:  26/26      EV:  3    Int:  9    God:    Dithmenos [******]
Gold:   1041       SH: 20    Dex:  8    Spells: 18/18 levels left

rFire    + . .     SeeInvis +   m - +8 demon whip (freeze)
rCold    + . .     Faith    .   G - +0 tower shield
rNeg     . . .     Spirit   .   H - +6 gold dragon scales
rPois    +         Reflect  .   y - +0 helmet
rElec    .         Harm     .   t - +0 cloak {rPois}
rCorr    .         Rampage  .   R - +2 pair of gloves
Will     +....                  a - +0 pair of boots
Stlth    ..........             g - amulet of regeneration
HPRegen  1.43/turn              k - +4 ring of protection
MPRegen  0.20/turn              v - ring of see invisible

@: mighty, unable to read, wreathed by umbra
A: clumsy 1, low mp 1, inability to read while threatened
}: 1/15 runes: decaying
a: Renounce Religion, Shadow Step, Shadow Form


You were on level 1 of the Vaults.
You worshipped Dithmenos.
Dithmenos was exalted by your worship.
You visited 7 branches of the dungeon, and saw 33 of its levels.
You visited the Abyss 1 time.
You also visited: Gauntlet.

You collected 3805 gold pieces.
You spent 2764 gold pieces at shops.

Inventory:

Hand Weapons
 m - a +8 demon whip of freezing (weapon)
 B - the +8 whip "Snakebite" {curare, rPois}
   (You bought it in a shop on level 2 of the Orcish Mines)

   It poisons the flesh of those it strikes.
   It protects you from poison.
 Q - the +6 demon trident of Indomitability {flame, rPois Dex+3 Stlth-}
   (You found it in a Gauntlet)

   It has been specially enchanted to burn those struck by it, causing extra
   injury to most foes and up to half again as much damage against particularly
   susceptible opponents.
   It affects your dexterity (+3).
   It protects you from poison.
   It makes you less stealthy.
Missiles
 b - 16 curare-tipped darts
 o - 93 poisoned darts (quivered)
 x - 5 atropa-tipped darts
Armour
 a - a +0 pair of boots (worn)
 t - a +0 cloak of poison resistance (worn)
 y - a +0 helmet (worn)
 G - a +0 tower shield (worn)
 H - +6 gold dragon scales (worn)
 R - a +2 pair of gloves (worn)
Jewellery
 g - an amulet of regeneration (around neck)
 k - a +4 ring of protection (left hand)
 l - a ring of poison resistance
 v - a ring of see invisible (right hand)
 D - a +6 ring of intelligence
 E - a ring of ice
 X - a ring of flight
Wands
 i - a wand of flame (28)
 p - a wand of acid (20)
 q - a wand of mindburst (32)
 s - a wand of charming (16)
 L - a wand of polymorph (30)
 N - a wand of iceblast (78)
 O - a wand of paralysis (35)
 V - a wand of digging (8)
Scrolls
 e - 2 scrolls of blinking
 n - a scroll of amnesia
 u - 13 scrolls of teleportation
 w - 3 scrolls of brand weapon
 A - 14 scrolls of identify
 J - a scroll of silence
 K - 2 scrolls of fear
 M - 5 scrolls of magic mapping
 U - 5 scrolls of fog
Potions
 f - 10 potions of flight
 j - 14 potions of curing
 r - 3 potions of berserk rage
 C - 4 potions of brilliance
Miscellaneous
 h - a box of beasts
 z - a phial of floods
 Y - a tin of tremorstones (2/2)
 Z - a piece from Xom's chessboard (15/15)


   Skills:
 + Level 24.4 Fighting
 - Level 2.6(14.1) Axes
 - Level 11.9(12.0) Maces & Flails
 - Level 14.2(14.3) Polearms
 - Level 7.6 Throwing
 - Level 9.0 Armour
 - Level 15.0 Shields
 - Level 13.7 Invocations
 - Level 10.0 Evocations


You had 18 spell levels left.
You didn't know any spells.
Your spell library contained the following spells:

 Spells                   Type           Power      Damage    Failure   Level
 Animate Skeleton         Necr           0%         N/A       100%        1
 Apportation              Tloc           0%         N/A       100%        1
 Beastly Appendage        Tmut           0%         N/A       100%        1
 Corona                   Hex            0%         N/A       100%        1
 Foxfire                  Conj/Fire      0%         2x1d4     100%        1
 Freeze                   Ice            0%         1d3       100%        1
 Magic Dart               Conj           0%         1d3       100%        1
 Pain                     Necr           0%         1d4       100%        1
 Shock                    Conj/Air       0%         1d3       100%        1
 Summon Small Mammal      Summ           0%         N/A       100%        1
 Blink                    Tloc           N/A        N/A       100%        2
 Ensorcelled Hibernation  Hex/Ice        0%         N/A       100%        2
 Passwall                 Tmut/Erth      0%         N/A       100%        2
 Poisonous Vapours        Pois/Air       0%         N/A       100%        2
 Searing Ray              Conj           0%         3d3       100%        2
 Slow                     Hex            0%         N/A       100%        2
 Static Discharge         Conj/Air       0%         N/A       100%        2
 Wereblood                Tmut           0%         N/A       100%        2
 Confusing Touch          Hex            0%         N/A       100%        3
 Conjure Flame            Conj/Fire      0%         6-21      100%        3
 Dazzling Flash           Conj/Hex       0%         N/A       100%        3
 Frozen Ramparts          Ice            0%         1d2       100%        3
 Gell's Gravitas          Tloc           0%         N/A       100%        3
 Inner Flame              Hex/Fire       0%         N/A       100%        3
 Lesser Beckoning         Tloc           0%         N/A       100%        3
 Mephitic Cloud           Conj/Pois/Air  0%         N/A       100%        3
 Ozocubu's Armour         Ice            0%         N/A       100%        3
 Portal Projectile        Hex/Tloc       0%         N/A       100%        3
 Spider Form              Tmut/Pois      0%         N/A       100%        3
 Swiftness                Air            0%         N/A       100%        3
 Teleport Other           Tloc           0%         N/A       100%        3
 Tukima's Dance           Hex            0%         N/A       100%        3
 Vampiric Draining        Necr           0%         2d6       100%        3
 Airstrike                Air            0%         N/A       100%        4
 Animate Armour           Summ/Erth      0%         N/A       100%        4
 Animate Dead             Necr           0%         N/A       100%        4
 Cause Fear               Hex            0%         N/A       100%        4
 Fulminant Prism          Conj/Hex       0%         3d6       100%        4
 Hailstorm                Conj/Ice       0%         3d3       100%        4
 Ice Form                 Ice/Tmut       0%         N/A       100%        4
 Iskenderun's Mystic Bla  Conj/Tloc      0%         2d3       100%        4
 Leda's Liquefaction      Hex/Erth       0%         N/A       100%        4
 Passage of Golubria      Tloc           N/A        N/A       100%        4
 Petrify                  Tmut/Erth      0%         N/A       100%        4
 Sticky Flame             Conj/Fire      0%         2d3       100%        4
 Agony                    Necr           0%         N/A       100%        5
 Alistair's Intoxication  Tmut/Pois      0%         N/A       100%        5
 Bolt of Magma            Conj/Fire/Erth 0%         4d4       100%        5
 Borgnjor's Vile Clutch   Necr/Erth      0%         N/A       100%        5
 Hydra Form               Tmut           0%         N/A       100%        5
 Irradiate                Conj/Tmut      0%         3d13      100%        5
 Lee's Rapid Deconstruct  Erth           0%         3d5*      100%        5
 Lightning Bolt           Conj/Air       0%         1d11      100%        5
 Manifold Assault         Tloc           0%         N/A       100%        5
 Metabolic Englaciation   Hex/Ice        0%         N/A       100%        5
 Silence                  Hex/Air        0%         N/A       100%        5
 Summon Forest            Summ/Tloc      0%         N/A       100%        5
 Summon Mana Viper        Hex/Summ       0%         N/A       100%        5
 Yara's Violent Unravell  Hex/Tmut       0%         3d3       100%        5
 Blade Hands              Tmut           0%         N/A       100%        6
 Freezing Cloud           Conj/Ice/Air   0%         6-21      100%        6
 Invisibility             Hex            0%         N/A       100%        6
 Shadow Creatures         Summ           N/A        N/A       100%        6
 Statue Form              Tmut/Erth      0%         N/A       100%        6
 Dragon Form              Tmut           0%         N/A       100%        7
 Spellforged Servitor     Conj/Summ      0%         N/A       100%        7
 Summon Hydra             Summ           0%         N/A       100%        7


Dungeon Overview and Level Annotations

Branches:
Dungeon (14/15)            Temple (0/1) D:6            Lair (6/6) D:10
  Swamp (4/4) Lair:3        Snake (3/4) Lair:2        Slime (0/5) Lair:6
    Orc (2/2) D:12            Elf (3/3) Orc:2        Vaults (1/5) D:13
Gauntlet (visited)

Altars:
Cheibriados
Dithmenos
Elyvilon
Fedhas
Gozag
Hepliaklqana
Makhleb
Ru
Zin
Lugonu

Shops:
D:7 *   Orc:2 *(*(=   Elf:2 *   Snake:1 =*?

Portals:
Trove: D:10 (give 2 scrolls of acquirement)

Annotations:
D:10 1 runed translucent door
D:11 3 runed translucent doors, spiderkeys's ghost, journeyman HOAK
Lair:1 exclusion: oklob plant
Lair:5 Nessos
Swamp:3 1 transporter
Orc:1 3 runed translucent doors, Hazorath's ghost, journeyman TrBe; Piss's ghost, journeyman DrEE; Weeptyisk's ghost, journeyman DDFi
Elf:2 3 runed translucent doors


Innate Abilities, Weirdness & Mutations

You are clumsy. (Dex -2)
Your magical capacity is low. (-10% MP)
You sometimes lose the ability to read scrolls when taking damage.


Message History

You kill the harpy!
Dithmenos accepts your kill.
You thrash the ironbound preserver!! You freeze the ironbound preserver!
The ironbound preserver is moderately wounded.
You block the frost giant's attack.
The ironbound preserver casts a spell.
The ironbound preserver begins to accept its allies' injuries.
Okay, then.
The ironbound frostheart touches you.
* * * LOW HITPOINT WARNING * * *
The ironbound frostheart freezes you! You resist.
* * * LOW HITPOINT WARNING * * *
You block the frost giant's attack.
The deep elf annihilator gestures wildly while chanting.
The deep elf annihilator blinks!
Okay, then.
The ironbound frostheart calls freezing cold from the walls.
The frost grips you! You partially resist.
* * * LOW HITPOINT WARNING * * *
You are encased in ice.
The frost giant hits you with a +2 battleaxe of freezing!
* * * LOW HITPOINT WARNING * * *
The frost giant freezes you.
* * * LOW HITPOINT WARNING * * *
You feel better.
The ironbound frostheart touches you but does no damage.
You block the yaktaur captain's attack. You block the frost giant's attack.
The deep elf annihilator mumbles some strange words.
The deep elf annihilator blinks!
You block the ironbound preserver's attack.
The ice encasing you melts away.
The ironbound frostheart touches you but does no damage.
You block the yaktaur captain's attack.
The ironbound preserver mumbles some strange words.
The ironbound preserver begins to accept its allies' injuries.
You block the ironbound frostheart's attack.
The yaktaur captain hits you!
* * * LOW HITPOINT WARNING * * *
You feel better. The yaktaur captain hits you!!
You die...

## #..[...# #
#......# #......#
#......# #......#
#......#
#############+####
#.....pC.§§§§.#
#....p###§§§C@#
#.$.ce.!#epecC#
#..p#.###§#Hpp#
#...#.. #.#...#
.'.#.###.#####.#
.##.#. .# #.# . #
## # #.# ..# ..#


You could see 2 ironbound preservers, a frost giant (sheltered), a stone giant
(sheltered), a yaktaur captain (strong, sheltered), a deep elf annihilator
(strong, sheltered), an ironbound frostheart (strong, sheltered) and a harpy
(sheltered).

Vanquished Creatures
  the Lernaean hydra (Swamp:4)
  Nikola (Swamp:2)
  Jorgrun (Swamp:2)
  Donald (Vaults:1)
  A tengu reaver (Vaults:1)
  A thorn hunter (Swamp:4)
  A nagaraja (Snake:2)
  A frost giant (Vaults:1)
  Aizul (Elf:1)
  An azure jelly (Elf:1)
  2 deep elf sorcerers (Elf:3)
  A deep elf elementalist (Elf:3)
  5 vault wardens (Vaults:1)
  6 ironbound preservers (Vaults:1)
  A very ugly thing (Vaults:1)
  3 ghouls (Swamp:1)
  A bunyip (Swamp:4)
  2 deep elf annihilators (Elf:3)
  A minotaur (Gauntlet)
  3 eleionomae
  A deep elf death mage (Elf:3)
  Fannar (D:12)
  2 yaktaur captains (Vaults:1)
  20 hydras
  Erolcha (D:12)
  Harold (D:9)
  2 boulder beetles
  A great orb of eyes (Vaults:1)
  4 vault guards
  4 naga warriors
  A ghost crab (Swamp:2)
  7 anacondas
  3 ironbound thunderhulks (Vaults:1)
  4 ogre magi (Orc:2)
  3 ironbound frosthearts (Vaults:1)
  4 catoblepae (Lair:6)
  3 centaur warriors
  Erica (D:8)
  9 dancing weapons
  A death knight (D:12)
  9 death yaks
  16 two-headed ogres
  15 alligators
  A tengu warrior (D:13)
  A death scarab (Gauntlet)
  5 naga sharpshooters
  Urug (Lair:5)
  A shock serpent (Snake:2)
  Nergalle (D:10)
  An ironbound beastmaster (Vaults:1)
  Sonja (Orc:2)
  3 deep elf knights
  6 skeletal warriors
  A shadow wraith (Abyss:2)
  3 spriggan druids
  3 goliath frogs (Swamp:2)
  10 swamp dragons
  16 deep trolls
  7 deep elf archers
  5 wizards
  7 bog bodies
  4 naga ritualists
  A spectral hydra (Gauntlet)
  2 harpies (Vaults:1)
  A phantasmal warrior (Vaults:1)
  3 ironbound convokers (Vaults:1)
  6 mana vipers
  An orc knight (Orc:1)
  2 lindwurms (Vaults:1)
  2 orc sorcerers
  13 deep elf pyromancers
  17 deep elf zephyrmancers
  9 ugly things
  6 will-o-the-wisps
  7 spectral spriggans (Swamp:1)
  4 cyclopes
  7 manticores
  4 salamanders
  27 black mambas
  4 vault sentinels (Vaults:1)
  3 guardian serpents (Snake:3)
  13 elephants
  10 naga magi
  2 torpor snails
  3 orange demons (Elf:2)
  12 cane toads
  An unseen horror (D:10)
  An efreet (D:10)
  3 gargoyles
  An unseen horror (shapeshifter) (Elf:3)
  8 rime drakes
  Psyche (D:9)
  10 komodo dragons
  4 kobold demonologists
  3 freezing wraiths
  6 yaktaurs (Vaults:1)
  15 trolls
  A tengu conjurer (D:14)
  A queen bee (Lair:3)
  5 tyrant leeches
  A bloated husk (Swamp:2)
  2 hornets
  A polar bear (Lair:2)
  Grinder (D:5)
  9 dream sheep
  17 blink frogs
  17 slime creatures
  A spriggan (shapeshifter) (Elf:2)
  A spriggan (Swamp:3)
  6 water elementals
  A shadow (D:10)
  2 vampires
  3 air elementals
  86 yaks
  2 wraiths (D:11)
  10 wyverns
  4 fire elementals
  Grum (D:8)
  19 humans (D:13)
  8 vampire mosquitoes
  10 basilisks
  A steam dragon (D:10)
  9 wargs
  27 nagas
  2 acid dragons (D:11)
  9 swamp worms
  27 water moccasins
  A hell hound (Lair:4)
  4 ice beasts (Elf:1)
  A sky beast (D:6)
  9 swamp drakes
  3 black bears
  20 orc warriors
  A black bear (shapeshifter) (Elf:1)
  16 centaurs
  31 ogres
  14 wolves
  9 kobold brigands
  13 bullfrogs
  6 scorpions
  3 earth elementals
  8 gnoll sergeants
  29 killer bees
  10 wights
  10 electric eels
  6 howler monkeys
  2 hounds
  22 orc priests
  2 bullfrog zombies (D:5)
  4 centaur zombies
  A jelly (D:5)
  7 gnoll shamans (D:10)
  Crazy Yiuf (D:7)
  2 bullfrog skeletons (D:6)
  3 centaur skeletons
  Natasha (D:4)
  4 iguanas
  24 orc wizards
  12 hell rats
  10 gnolls
  A howler monkey skeleton (D:7)
  A river rat (Lair:3)
  7 adders
  3 worms
  6 dart slugs
  56 orcs
  10 endoplasms
  4 giant cockroaches
  8 hobgoblins
  5 jackals
  3 quokkas
  2 ball pythons
  10 bats
  4 frilled lizards
  15 goblins
  10 kobolds
  6 rats
  7 briar patches
  A bush (D:7)
1169 creatures vanquished.

Vanquished Creatures (others)
  A deep elf high priest (Elf:3)
  2 deep elf knights
  5 bloated husks (Swamp:1)
  A tyrant leech (Swamp:1)
  An orc wizard (D:10)
  An orc (D:10)
  A quokka (D:12)
  A kobold (D:9)
  6 briar patches
  2 bushes
  31 foxfires
  32 fungi
  51 plants
135 creatures vanquished.

Grand Total: 1304 creatures vanquished

Notes
Turn   | Place    | Note
-------+----------+-------------------------------------------
     0 | D:1      | leviel the Hill Orc Fighter began the quest for the Orb.
     0 | D:1      | Reached XP level 1. HP: 19/19 MP: 1/1
   147 | D:1      | Reached XP level 2. HP: 26/26 MP: 2/2
   341 | D:1      | Identified the Compendium of Hexes and Fire
   947 | D:1      | Found a faded altar of an unknown god.
  1139 | D:1      | Became a worshipper of Dithmenos the Shadowed
  1139 | D:1      | Reached * piety under Dithmenos
  1212 | D:2      | Reached XP level 3. HP: 31/31 MP: 3/3
  1325 | D:2      | Reached skill level 5 in Armour
  1540 | D:2      | Reached XP level 4. HP: 26/39 MP: 4/4
  1688 | D:2      | Reached ** piety under Dithmenos
  2344 | D:3      | Reached XP level 5. HP: 45/45 MP: 5/5
  2397 | D:3      | Reached skill level 1 in Maces & Flails
  2812 | D:4      | Found a blossoming altar of Fedhas.
  2845 | D:4      | Reached XP level 6. HP: 41/51 MP: 6/6
  3129 | D:4      | Noticed Natasha
  3136 | D:4      | Killed Natasha
  3227 | D:4      | Found a sacrificial altar of Ru.
  3284 | D:5      | Entered Level 5 of the Dungeon
  3330 | D:5      | Reached *** piety under Dithmenos
  3428 | D:5      | Reached XP level 7. HP: 57/57 MP: 7/7
  3625 | D:5      | Reached skill level 4 in Fighting
  3638 | D:5      | Reached skill level 5 in Fighting
  3662 | D:5      | Reached XP level 8. HP: 68/68 MP: 8/8
  3716 | D:5      | Noticed Grinder
  3724 | D:5      | Paralysed by Grinder for 7 turns
  3735 | D:5      | Paralysed by Grinder for 4 turns
  3736 | D:5      | Killed Grinder
  3737 | D:5      | Reached skill level 6 in Fighting
  3756 | D:5      | Reached skill level 7 in Fighting
  4267 | D:6      | Reached skill level 8 in Fighting
  4353 | D:6      | Found a staircase to the Ecumenical Temple.
  4368 | D:6      | Found an opulent altar of Gozag.
  4469 | D:6      | Reached skill level 9 in Fighting
  4970 | D:7      | Reached XP level 9. HP: 84/84 MP: 9/9
  5055 | D:7      | Found a runed translucent door.
  5056 | D:7      | Noticed Crazy Yiuf
  5082 | D:7      | Reached **** piety under Dithmenos
  5092 | D:7      | Found Quing's General Store.
  5101 | D:7      | Reached skill level 5 in Maces & Flails
  5120 | D:7      | Bought a potion of brilliance for 56 gold pieces
  5120 | D:7      | Bought a potion of curing for 42 gold pieces
  5120 | D:7      | Bought a potion of mutation for 112 gold pieces
  5142 | D:7      | Found a snail-covered altar of Cheibriados.
  5178 | D:7      | Killed Crazy Yiuf
  5979 | D:8      | Found a shadowy altar of Dithmenos.
  6199 | D:8      | Noticed Erica
  6207 | D:8      | Killed Erica
  6208 | D:8      | Reached skill level 10 in Maces & Flails
  6208 | D:8      | Reached XP level 10. HP: 87/91 MP: 10/10
  6268 | D:8      | Noticed Grum
  6284 | D:8      | Killed Grum
  6575 | D:9      | Noticed a cyclops
  6585 | D:9      | Killed a cyclops
  6644 | D:9      | Reached ***** piety under Dithmenos
  6754 | D:9      | Noticed Harold
  6763 | D:9      | Noticed Psyche
  6786 | D:9      | Killed Psyche
  6793 | D:9      | Killed Harold
  6794 | D:9      | Reached skill level 5 in Invocations
  7013 | D:9      | Found a hazy altar of Hepliaklqana.
  7218 | D:9      | Reached XP level 11. HP: 81/97 MP: 14/16
  7264 | D:9      | Noticed a deep troll
  7310 | D:9      | Killed a deep troll
  7311 | D:9      | Reached skill level 10 in Invocations
  7372 | D:9      | Reached skill level 1 in Evocations
  7647 | D:10     | Entered Level 10 of the Dungeon
  7670 | D:10     | Found a runed translucent door.
  7675 | D:10     | Found a burning altar of Makhleb.
  7675 | D:10     | Noticed a sixfirhy
  7935 | D:10     | Found a staircase to the Lair.
  7947 | D:10     | Reached skill level 5 in Evocations
  8009 | D:10     | Found a portal to a secret trove of treasure.
  8135 | D:10     | Noticed Nergalle
  8150 | D:10     | Killed Nergalle
  8428 | D:10     | Noticed a two-headed ogre
  8437 | D:10     | Killed a two-headed ogre
  8459 | D:10     | Noticed an orc sorcerer
  8464 | D:10     | Noticed a two-headed ogre
  8466 | D:10     | Reached XP level 12. HP: 105/105 MP: 19/19
  8853 | D:10     | Killed a two-headed ogre
  8936 | D:10     | Noticed a soul eater
  8973 | D:10     | Reached ****** piety under Dithmenos
  9122 | D:10     | Noticed a soul eater
  9211 | D:10     | Reached skill level 10 in Evocations
  9226 | D:10     | Reached skill level 1 in Throwing
  9852 | D:11     | Reached skill level 5 in Throwing
  9880 | D:11     | Found a runed translucent gate.
  9880 | D:11     | Found a runed translucent gate.
  9881 | D:11     | Found a runed translucent gate.
 10020 | D:11     | Noticed spiderkeys's ghost (journeyman HOAK)
 10257 | D:12     | Noticed a boulder beetle
 10280 | D:12     | Killed a boulder beetle
 10356 | D:12     | Reached XP level 13. HP: 78/111 MP: 20/20
 10474 | D:11     | Reached skill level 10 in Fighting
 11032 | D:12     | Found a white marble altar of Elyvilon.
 11112 | D:12     | Reached skill level 11 in Fighting
 11203 | D:12     | Found a staircase to the Orcish Mines.
 11215 | Orc:1    | Entered Level 1 of the Orcish Mines
 11215 | Orc:1    | Found a runed translucent gate.
 11215 | Orc:1    | Found a runed translucent gate.
 11215 | Orc:1    | Found a runed translucent gate.
 11220 | Orc:1    | Noticed Fannar
 11249 | D:12     | Killed Fannar
 11305 | Orc:1    | Noticed Hazorath's ghost (journeyman TrBe)
 11305 | Orc:1    | Noticed Piss's ghost (journeyman DrEE)
 11305 | Orc:1    | Noticed Weeptyisk's ghost (journeyman DDFi)
 11312 | Orc:1    | Paralysed by an orc sorcerer for 7 turns
 11720 | Orc:2    | Entered Level 2 of the Orcish Mines
 11723 | Orc:2    | Noticed Sonja
 11775 | Orc:1    | Reached skill level 12 in Fighting
 11999 | Orc:2    | Found Vugg's Jewellery Shoppe.
 11999 | Orc:2    | Found Itsun's General Store.
 11999 | Orc:2    | Found Comeotso's Antique Weapon Shop.
 11999 | Orc:2    | Found Woanufid's Antique Weapon Emporium.
 11999 | Orc:2    | Paralysed by an ogre mage for 2 turns
 12019 | Orc:2    | Reached skill level 13 in Fighting
 12049 | Orc:2    | Reached skill level 14 in Fighting
 12167 | Orc:2    | Reached XP level 14. HP: 108/133 MP: 21/21
 12191 | Orc:2    | Reached skill level 15 in Fighting
 12275 | Orc:2    | Found a staircase to the Elven Halls.
 12281 | Orc:2    | Found Isagoimne's Assorted Antiques.
 12642 | Orc:2    | Killed Sonja
 12999 | Elf:1    | Entered Level 1 of the Elven Halls
 13020 | Elf:1    | Reached skill level 16 in Fighting
 13184 | D:12     | Noticed Erolcha
 13193 | D:12     | Killed Erolcha
 13999 | D:13     | Reached skill level 17 in Fighting
 14003 | D:13     | Found a gate to the Vaults.
 14006 | D:13     | Cast into level 2 of the Abyss (a wizard)
 14027 | D:13     | Escaped the Abyss
 14475 | D:13     | Found a glowing silver altar of Zin.
 15067 | D:14     | Found a corrupted altar of Lugonu.
 15277 | D:14     | Reached skill level 5 in Shields
 15806 | Lair:1   | Entered Level 1 of the Lair of Beasts
 15966 | Lair:1   | Reached XP level 15. HP: 148/148 MP: 22/22
 17059 | Lair:2   | Found a gate leading to a gauntlet.
 17071 | Gauntlet | Entered a Gauntlet
 17071 | Gauntlet | Found a transporter.
 17071 | Gauntlet | Found a runed translucent door.
 17072 | Gauntlet | Found a runed translucent door.
 17079 | Gauntlet | Found a transporter.
 17082 | Gauntlet | Found a transporter.
 17083 | Gauntlet | Found a transporter.
 17094 | Gauntlet | Found a transporter.
 17095 | Gauntlet | Found a transporter.
 17096 | Gauntlet | Found a transporter.
 17105 | Gauntlet | Found a transporter.
 17107 | Gauntlet | Found a transporter.
 17108 | Gauntlet | Found a transporter.
 17116 | Gauntlet | Found a transporter.
 17119 | Gauntlet | Found a transporter.
 17120 | Gauntlet | Found a transporter.
 17128 | Gauntlet | Found a transporter.
 17338 | Gauntlet | Identified the +6 demon trident of Indomitability {flame,
                  | rPois Dex+3 Stlth-}
 17627 | Lair:2   | Reached skill level 10 in Shields
 17954 | Lair:2   | Found a staircase to the Snake Pit.
 18313 | Lair:3   | Found a staircase to the Swamp.
 20602 | Lair:5   | Noticed Urug
 21022 | Lair:4   | Reached XP level 16. HP: 126/145 MP: 23/23
 21092 | Lair:5   | Killed Urug
 21366 | Orc:2    | Bought the +8 whip "Snakebite" {curare, rPois} for 1626
                  | gold pieces
 21366 | Orc:2    | Found the +8 whip "Snakebite" {curare, rPois}
 21636 | Lair:5   | Noticed Nessos
 21637 | Lair:5   | You fall into a shaft and drop 1 floor!
 21637 | Lair:6   | Entered Level 6 of the Lair of Beasts
 21886 | Lair:6   | Reached skill level 15 in Shields
 21891 | Lair:6   | Reached skill level 18 in Fighting
 22249 | Lair:6   | Reached skill level 19 in Fighting
 22913 | Lair:6   | Found a staircase to the Slime Pits.
 23317 | Orc:2    | Bought a tin of tremorstones (2/2) for 400 gold pieces
 23458 | Elf:1    | Reached skill level 20 in Fighting
 23599 | Elf:1    | Reached skill level 1 in Polearms
 23600 | Elf:1    | Noticed an azure jelly
 23618 | Elf:1    | Killed an azure jelly
 24041 | Elf:1    | Reached skill level 5 in Polearms
 24281 | Elf:1    | Identified Sif Muna's Disquisition on Attacks and
                  | Weightlessness
 24437 | Elf:1    | Noticed Aizul
 24463 | Elf:1    | Killed Aizul
 24844 | Elf:2    | Reached XP level 17. HP: 170/170 MP: 24/24
 24855 | Elf:2    | Found Ufac's Assorted Antiques.
 25263 | Elf:2    | Found a runed translucent gate.
 25263 | Elf:2    | Found a runed translucent gate.
 25266 | Elf:2    | Found a runed translucent gate.
 25414 | Elf:2    | Identified the +10 scimitar "Pehyad" {pain, MP+9 Str-4
                  | Int+7 Dex-4}
 25616 | Elf:3    | Entered Level 3 of the Elven Halls
 25833 | Elf:3    | Reached skill level 10 in Polearms
 26086 | Elf:3    | Noticed an Ice Fiend
 26094 | Elf:3    | Noticed a Hell Sentinel
 26485 | Swamp:1  | Entered Level 1 of the Swamp
 28179 | Swamp:2  | Noticed Nikola
 28315 | Swamp:2  | Noticed Jorgrun
 28449 | Snake:1  | Entered Level 1 of the Snake Pit
 28997 | Snake:1  | Found Alueshray's Jewellery Emporium.
 28998 | Snake:1  | Found Unteh's General Store.
 28999 | Snake:1  | Found Qel Inip's General Store.
 29004 | Snake:1  | Found Otoxtoul's Magic Scroll Emporium.
 29007 | Snake:1  | Bought a ring of flight for 192 gold pieces
 29010 | Snake:1  | Bought a +0 pair of gloves of dexterity for 126 gold pieces
 29014 | Snake:1  | Bought a scroll of enchant weapon for 105 gold pieces
 29014 | Snake:1  | Bought a scroll of enchant weapon for 105 gold pieces
 29839 | Snake:2  | Reached XP level 18. HP: 169/178 MP: 25/25
 30001 | Snake:2  | Found a glowing silver altar of Zin.
 31802 | Swamp:2  | Killed Jorgrun
 31929 | Swamp:2  | Killed Nikola
 32242 | Swamp:2  | Identified the +2 war axe "Concordance" {elec, Str+3}
 32325 | Swamp:3  | Found a transporter.
 32371 | Swamp:3  | Reached skill level 21 in Fighting
 32378 | Swamp:3  | Found a transporter.
 32412 | Swamp:3  | Gained mutation: You sometimes lose the ability to read
                  | scrolls when taking damage. [mutagenic glow]
 32431 | Swamp:3  | Gained mutation: You are clumsy. (Dex -2) [mutagenic glow]
 32443 | Swamp:3  | Gained mutation: Your magical capacity is low. (-10% MP)
                  | [mutagenic glow]
 33014 | Swamp:4  | Entered Level 4 of the Swamp
 33214 | Swamp:4  | Noticed the 27-headed Lernaean hydra
 33231 | Swamp:4  | Killed the 27-headed Lernaean hydra
 33249 | Swamp:4  | Reached skill level 22 in Fighting
 33557 | Swamp:4  | Reached XP level 19. HP: 145/193 MP: 26/26
 33973 | Swamp:4  | Got a decaying rune of Zot
 34230 | Vaults:1 | Entered Level 1 of the Vaults
 34233 | Vaults:1 | Noticed Donald
 34286 | Vaults:1 | Killed Donald
 34543 | Vaults:1 | Reached skill level 23 in Fighting
 35584 | Vaults:1 | Reached skill level 24 in Fighting
 36131 | Vaults:1 | HP: 8/200 [frost giant/+2 battleaxe of freezing (17)]
 36135 | Vaults:1 | Mangled by a yaktaur captain

Illustrated notes

Levels and vault maps discovered:
D:1:      nzn_arrival_depleted_hourglass, layout_basic, serial_co_window_serial,
          co_window_paths_a, co_window_paths_b, co_window_corner_a,
          co_window_paths_b, co_window_paths_a, co_window_of_opportunity_a,
          co_window_paths_a, co_window_broadway_a, co_window_of_opportunity_b,
          co_window_of_opportunity_b, co_window_2corner, co_window_corner_b,
          co_window_broadway_c, glass_columns_a,
          hellmonk_ecumenical_altar_leap_of_faith
D:2:      layout_basic, minmay_joined_circles
D:3:      layout_loops_ring
D:4:      layout_cave_pools, fedhas_ov_isle_minmay, nicolae_ru_path_of_blood,
          uniq_natasha
D:5:      layout_basic, corexii_corridor_pit, uniq_grinder
D:6:      layout_loops_ring, lemuel_round_altar, minmay_temple_entry_statues,
          minmay_fountain_box
D:7:      layout_rooms, cheibrodos_worm_habitat, serial_shops, shop,
          kb_lookout_dungeons_type, uniq_crazy_yiuf_cottage
D:8:      layout_loops_ring, nicolae_dithmenos_shadow_blocks, serial_bayou,
          serial_bayou_pond_d, serial_bayou_pond_d, serial_bayou_pond_d,
          serial_bayou_ford_a, minmay_puff, uniq_erica, uniq_grum
D:9:      lemuel_troll_bridge, layout_cave_pods, nicolae_overflow_hidden_temple,
          due_unseen_surprise, uniq_harold, uniq_psyche
D:10:     lemuel_castle_with_subvaults [lemuel_castle_interior_original],
          layout_irregular_city, nzn_makhleb_speed_demon,
          grunt_lair_entry_orc_guard_hut, enter_trove_6, uniq_nergalle
D:11:     layout_rooms, gammafunk_ghost_necromancy,
          minmay_misc_feat_four_crosses, chequers_serial_rivers_micro_b
D:12:     layout_long_grid, erik_orc_2, elyvilon_altar_4, uniq_erolcha
D:13:     layout_stronghold, grunt_vaults_entry_tiered, zin_scriptorium
D:14:     layout_irregular_city, tgw_lugonu_bribe
Lair:1:   layout_cave_pods, minmay_lair_oklob_bushes
Lair:2:   layout_gridlike, minmay_snake_entry_guardpost_large,
          gauntlet_entry_generic, minmay_shattered_shrine
Lair:3:   regret_index_combs_of_tragedy, layout_loops_ring,
          minmay_swamp_entry_eels, lemuel_old_faithful
Lair:4:   layout_regular_city, grunt_megastairs_5
Lair:5:   layout_hall_layers, special_room [special_room_mythical_zoo],
          uniq_nessos, uniq_urug
Lair:6:   evilmike_catoblepas_cave, layout_hall_layers, dpeg_slime_entry_corner,
          pond, lemuel_fruit_tree, grunt_megastairs_3
Swamp:1:  nicolae_swamp_flooded_prison, layout_basic_swamp, serial_swamp_ruin,
          evilmike_swamp_ruin_house_6, evilmike_swamp_ruin_rubble_2, swamp_pool5
Swamp:2:  layout_basic_swamp, evilmike_swamp_ruin_house_1, uniq_jorgrun,
          uniq_nikola
Swamp:3:  gammafunk_worm_tunnel, layout_basic_swamp, hangedman_swamp_cone
Swamp:4:  swamp_old_school, layout_basic_swamp, swamp_pool1,
          infiniplex_staircase_pool_2
Snake:1:  layout_chambers, minmay_shop_grid_forest
Snake:2:  layout_grid_shapes, basic_altar, grunt_ministairs_13
Snake:3:  layout_cave_town, drop_trap
Orc:1:    layout_caves, gammafunk_ghost_cemetery, uniq_fannar
Orc:2:    st_orc_ogre_mass, layout_caves, serial_shops, nicolae_shop_trees,
          uniq_sonja
Elf:1:    eino_elf_arrival_customs, layout_geoelf_octagon,
          portal_ice_cave_entry_horrid_things, minivault_28,
          serial_sigils_hangedman_etch, uniq_aizul
Elf:2:    layout_gridlike, serial_shops, nicolae_shop_behind_doors,
          einodemon_barbed_minivault, uniq_asterion
Elf:3:    elf_hall_gauntlet_narrow, layout_geoelf_diagonals, serial_shops,
          shop_statue, drop_trap
Vaults:1: nicolae_vaults_network_star, minmay_guarded_unrand_secular_launcher,
          ontoclasm_vaults_eye, hangedman_vaults_capsules,
          nicolae_vaults_what_the_h, v_misc_15, ontoclasm_vaults_ring_large,
          vaults_mumra_minichess, hangedman_vaults_nodes, layout_vaults_omnibox,
          uniq_donald

Skill      XL: |  1  2  3  4  5  6  7  8  9 10 11 12 13 14 15 16 17 18 19 |
---------------+----------------------------------------------------------+-----
Armour         | 4 5 6 7 9 |  9.0
Maces & Flails | 2 3 10 11 | 11.9
Fighting       | 5 9 14 17 20 22 24 | 24.4
Invocations    | 7 10 13 | 13.7
Evocations     | 7 10 | 10.0
Throwing       | 7 |  7.6
Shields        | 7 13 15 | 15.0
Polearms       | 7 14 | 14.2
Axes           | |  2.6

Action                   |  1- 3 |  4- 6 |  7- 9 | 10-12 | 13-15 | 16-18 | 19-21 || total
-------------------------+-------+-------+-------+-------+-------+-------+-------++-------
Melee: War axe           |   100 |    27 |       |       |    15 |       |       ||   142
       Demon whip        |       |   126 |   246 |   638 |  1518 |   750 |   266 ||  3544
       Unarmed           |       |       |       |       |    13 |       |       ||    13
       Whip              |       |       |       |       |       |  1190 |   262 ||  1452
       Demon trident     |       |       |       |       |       |   121 |    38 ||   159
Throw: Dart              |       |       |       |     1 |    21 |    12 |     4 ||    38
       Throwing net      |       |       |       |     1 |       |       |       ||     1
Invok: Shadow Step       |       |       |       |       |     1 |       |       ||     1
Evoke: Wand              |       |       |       |     5 |     5 |     3 |       ||    13
       Phial of floods   |       |       |       |       |     1 |       |       ||     1
  Use: Scroll            |     4 |     4 |    14 |     6 |     8 |    11 |       ||    47
       Potion            |       |       |       |     1 |     4 |     5 |     6 ||    16
 Stab: Distracted        |       |       |       |       |     2 |     1 |     1 ||     4
       Invisible         |       |       |       |       |     1 |       |       ||     1
       Petrified         |       |       |       |       |       |     2 |       ||     2
Armor: Scale mail        |    52 |    62 |       |       |       |       |       ||   114
       Plate armour      |       |    24 |   193 |       |       |       |       ||   217
       Gold dragon scale |       |       |    43 |   464 |  1000 |  1022 |   236 ||  2765
Dodge: Dodged            |    43 |    47 |    37 |    54 |   175 |   265 |    50 ||   671
Block: Kite shield       |    59 |    71 |   116 |   300 |   653 |   932 |   109 ||  2240
       Tower shield      |       |       |       |       |       |       |   255 ||   255

Table legend: (Time is in decaauts)
 A = Elapsed time spent in this place.
 B = Non-inter-level travel time spent in this place.
 C = Inter-level travel time spent in this place.
 D = Time resting spent in this place.
 E = Time spent auto-exploring this place.
 F = Levels seen in this place.
 G = Mean time per level.
                   A        B        C        D        E       F      G
               +--------+--------+--------+--------+--------+-----+--------+
         Total |  34626 |  31847 |   2779 |   2894 |  20055 |  35 |  989.3 |
       Dungeon |  14342 |  12916 |   1426 |    622 |   9073 |  14 | 1024.4 |
          Lair |   6622 |   6021 |    601 |    347 |   4160 |   6 | 1103.7 |
         Swamp |   4011 |   3771 |    240 |    617 |   2074 |   4 | 1002.8 |
     Snake Pit |   3075 |   2961 |    114 |    199 |   2214 |   3 | 1025.0 |
  Orcish Mines |   1850 |   1581 |    269 |    130 |    912 |   2 |  925.0 |
   Elven Halls |   2760 |   2634 |    126 |    410 |   1003 |   3 |  920.0 |
        Vaults |   1682 |   1682 |      0 |    516 |    495 |   1 | 1682.0 |
         Abyss |     19 |     19 |      0 |      0 |      0 |   1 |   19.0 |
      Gauntlet |    261 |    261 |      0 |     52 |    124 |   1 |  261.0 |
               +--------+--------+--------+--------+--------+-----+--------+

Top non-repeatable levels by time:
    D:10: 2032 daAuts
Vaults:1: 1682 daAuts
 Swamp:1: 1534 daAuts
   Elf:1: 1512 daAuts
    D:13: 1475 daAuts
   Orc:2: 1346 daAuts
     D:9: 1344 daAuts
  Lair:6: 1308 daAuts
  Lair:4: 1287 daAuts
  Lair:3: 1283 daAuts
     D:1: 1242 daAuts
  Lair:1: 1229 daAuts
  Lair:2: 1201 daAuts
 Snake:1: 1197 daAuts
    D:12: 1189 daAuts
